 Dungeon Crawl Stone Soup version 0.32-a0-361-g289a535 (webtiles) character file.

Game seed: 3168333945352305388

448 Nithhogg the Trooper (level 6, -2/56 HPs)
             Began as a Mountain Dwarf Fighter on Feb 18, 2024.
             Slain by Menkaure (13 damage)
             ... on level 4 of the Dungeon.
             The game lasted 00:05:36 (3635 turns).

Nithhogg the Trooper (Mountain Dwarf Fighter)       Turns: 3635, Time: 00:05:37

Health: -2/56      AC:  0    Str: 20    XL:     6   Next: 73%
Magic:  9/9        EV: 13    Int:  9    God:
Gold:   285        SH:  0    Dex:  9    Spells: 5/5 levels left

rFire   . . .        q - melded +3 flail (venom)
rCold   . . .        (shield currently unavailable)
rNeg    . . .        b - melded +0 scale mail
rPois   .            (helmet currently unavailable)
rElec   .            (cloak currently unavailable)
rCorr   .            (gloves currently unavailable)
SInv    .            (boots currently unavailable)
Will    .....        h - amulet of faith
Stlth   +            (ring currently unavailable)
HPRegen 0.29/turn    (ring currently unavailable)
MPRegen 0.11/turn

%: random rage (3%), faith
@: about to teleport, pig-form, very quick
A: fast, no casting, small, runic magic, artefact enchanting, (talons 1),
berserk 1, (poison resistance), (sturdy frame 1)
a: no special abilities


You were on level 4 of the Dungeon.
You were a filthy swine.
You visited 1 branch of the dungeon, and saw 5 of its levels.

You collected 285 gold pieces.

Inventory:

Hand Weapons
 a - a +0 war axe
 d - a +3 mace of protection
 p - a +0 executioner's axe
 q - a +3 flail of venom (melded)
Armour
 b - a +0 scale mail (melded)
 c - a +0 buckler
Jewellery
 h - an amulet of faith (around neck)
Wands
 o - a wand of roots (12)
 s - a wand of polymorph (12)
Scrolls
 f - 2 scrolls of teleportation
 j - a scroll of noise
 n - a scroll of fog {unknown}
Potions
 e - a potion of haste {unknown}
 g - a potion of brilliance {unknown}
 i - 2 potions of attraction {unknown}
 k - a potion of mutation
 l - a potion of degeneration {unknown}
 m - a potion of ambrosia {unknown}
 r - a potion of curing {unknown}


   Skills:
 + Level 5.0 Fighting
 + Level 4.8 Axes
 + Level 5.0 Armour
 - Level 3.2 Shields
 + Level 4.3 Invocations


You had 5 spell levels left.
You didn't know any spells.
Your spell library contained the following spells:

 Spells                   Type           Power      Damage    Failure   Level
 Slow                     Hex            0%         N/A       38%         1
 Blink                    Tloc           0%         N/A       52%         2
 Lesser Beckoning         Tloc           0%         N/A       52%         2
 Momentum Strike          Conj/Tloc      0%         3d8       52%         2
 Confusing Touch          Hex            0%         N/A       77%         3
 Sigil of Binding         Hex            0%         N/A       77%         3
 Vampiric Draining        Necr           0%         2d6       77%         3


Dungeon Overview and Level Annotations

Branches:
Dungeon (5/15)
 Temple: D:4-7

Altars:

Shops:
D:4 (

Annotations:
D:4 Ijyb, Menkaure


Innate Abilities, Weirdness & Mutations

You are a filthy swine.
You move quickly.
Your equipment is almost entirely melded.
You are incapable of wielding weapons or throwing items.
You cannot cast spells.
Your spellcasting is much less encumbered by armour.
You can use scrolls of enchantment on lesser artefacts.
((You have sharp toenails.))
You sometimes lose your temper in combat.
((Your system is resistant to poisons. (rPois)))
((Your movements are slightly less encumbered by armour. (ER -2)))


Message History

You feel a strange surge of divine interest.
There is a stone staircase leading down here.
You climb downwards.
Level annotation: Ijyb, Menkaure Ijyb throws a throwing net.
The throwing net hits you.
You become entangled in the net!
Menkaure calls on the powers of darkness!
Ijyb convulses!
Your body is wracked with pain!
There is a stone staircase leading up here.
You see here a throwing net.
You can't go down here!
There are monsters nearby!
You tear a large gash into the net.
Menkaure casts a spell.
Menkaure seems to speed up.
There are monsters nearby!
You struggle against the net.
Ijyb hits you but does no damage.
You struggle against the net.
Ijyb barely misses you.
You rip the net and break free!
Ijyb hits you but does no damage. Ijyb hits you with a +0 club.
Menkaure calls on the powers of darkness!
Ijyb convulses!
Your body is wracked with pain!
* * * LOW HITPOINT WARNING * * *
The orc convulses!
You climb upwards.
There is a stone staircase leading down here.
It was a potion of mutation.
You feel extremely strange.
Your toenails lengthen and sharpen.
You feel less encumbered by your armour.
You feel a little pissed off.
You feel resistant to poisons.
Ijyb zaps a wand.
You turn into a filthy swine.
Your +3 flail of venom melds into your body.
Your +0 scale mail melds into your body.
Your +3 flail of venom stops dripping with poison.
Menkaure misses you.
As you read the scroll of teleportation, it crumbles to dust.
You feel strangely unstable. Ijyb hits you with a +0 club.
* * * LOW HITPOINT WARNING * * *
Menkaure hits you!
You die...

##......##.........
#.......#.......##
##......#......#.##
#.......##..####..#
#............##....
##......#..#......#
###..[[#........##
##.M....[......####
#.h.....).....## #.
##.g..........#####
##.##....#....#>..
#.##...###...##.#
####...# #...##.#
##### ###.....
##.... ##... #...


You could see Ijyb and Menkaure (fast).

Vanquished Creatures
  A howler monkey (D:5)
  A jelly (D:4)
  2 hounds (D:4)
  An orc priest (D:4)
  Terence (D:2)
  2 orc wizards (D:4)
  6 adders
  3 dart slugs
  5 ribbon worms
  7 orcs
  6 endoplasms
  A giant cockroach (D:1)
  2 goblins
  7 hobgoblins
  4 jackals (D:2)
  3 quokkas
  10 ball pythons
  8 bats
  4 frilled lizards
  6 kobolds
  9 rats
89 creatures vanquished.

Notes
Turn   | Place    | Note
-------+----------+-------------------------------------------
     0 | D:1      | Nithhogg the Mountain Dwarf Fighter began the quest for the
                  | Orb.
     0 | D:1      | Reached XP level 1. HP: 19/19 MP: 1/1
   247 | D:1      | Reached skill level 1 in Invocations
   247 | D:1      | Reached XP level 2. HP: 26/26 MP: 2/2
   964 | D:2      | Reached XP level 3. HP: 33/33 MP: 4/4
  1066 | D:2      | Noticed Terence
  1075 | D:2      | Killed Terence
  1076 | D:2      | Reached XP level 4. HP: 3/40 MP: 5/5
  1677 | D:2      | You fall into a shaft and drop 1 floor!
  1694 | D:3      | Reached XP level 5. HP: 39/46 MP: 7/7
  2696 | D:4      | Reached XP level 6. HP: 47/53 MP: 8/8
  3276 | D:4      | Found Woemaer's Weapon Boutique.
  3309 | D:4      | Reached skill level 5 in Fighting
  3368 | D:4      | Reached skill level 5 in Armour
  3576 | D:5      | Entered Level 5 of the Dungeon
  3599 | D:5      | Noticed Ijyb
  3600 | D:5      | Noticed Menkaure
  3634 | D:4      | Gained mutation: You have sharp toenails. [potion of
                  | mutation]
  3634 | D:4      | Gained mutation: Your movements are slightly less
                  | encumbered by armour. (ER -2) [potion of mutation]
  3634 | D:4      | Gained mutation: You sometimes lose your temper in combat.
                  | [potion of mutation]
  3634 | D:4      | Gained mutation: Your system is resistant to poisons.
                  | (rPois) [potion of mutation]
  3635 | D:4      | Slain by Menkaure

Illustrated notes

Levels and vault maps discovered:
D:1:      spicycebolla_green_bress_n_ham, layout_basic
D:2:      layout_basic, lightli_corner_chamber, uniq_terence
D:3:      minmay_diamond_boxcup, layout_basic, nicolae_eternal_life
D:4:      layout_cave_pools, serial_shops, nicolae_shop_rolling_square
D:5:      layout_loops_cross, fedhas_ov_isle_minmay, general_overflow_altar,
          uniq_eustachio, uniq_ijyb, uniq_menkaure

Skill      XL: |  1  2  3  4  5  6 |
---------------+-------------------+-----
Invocations    | 1 2 3 4 |  4.3
Axes           | 3 4 |  4.8
Fighting       | 4 5 |  5.0
Armour         | 4 5 |  5.0
Shields        | |  3.2

Action                     |  1- 3 |  4- 6 || total
---------------------------+-------+-------++-------
  Melee: War axe           |    82 |       ||    82
         Mace              |       |   153 ||   153
         Flail             |       |    41 ||    41
    Use: Potion            |     1 |     1 ||     2
         Scroll            |       |     3 ||     3
 Armour: Scale mail        |    59 |   198 ||   257
         Skin              |       |     2 ||     2
  Dodge: Dodged            |    66 |   135 ||   201

Table legend: (Time is in decaauts)
 A = Elapsed time spent in this place.
 B = Non-inter-level travel time spent in this place.
 C = Inter-level travel time spent in this place.
 D = Time resting spent in this place.
 E = Time spent auto-exploring this place.
 F = Levels seen in this place.
 G = Mean time per level.
                   A        B        C        D        E       F      G
               +--------+--------+--------+--------+--------+-----+--------+
         Total |   3724 |   3613 |    111 |    325 |   2597 |   5 |  744.8 |
       Dungeon |   3724 |   3613 |    111 |    325 |   2597 |   5 |  744.8 |
               +--------+--------+--------+--------+--------+-----+--------+

Top non-repeatable levels by time:
     D:2: 1073 daAuts
     D:3: 949 daAuts
     D:1: 920 daAuts
     D:4: 749 daAuts
     D:5: 31 daAuts
